 Dungeon Crawl Stone Soup version 0.27.0-65-ge2af304b15 (webtiles) character file.

Game seed: 5633118563831101383

274 robertstho the Ruffian (level 6, -4/52 HPs)
             Began as a Ghoul Monk on Aug 18, 2021.
             Slain by an orc warrior (12 damage)
             ... on level 5 of the Dungeon.
             The game lasted 00:03:06 (3562 turns).

robertstho the Ruffian (Ghoul Monk)                 Turns: 3562, Time: 00:03:06

Health: -4/52      AC:  8    Str: 17    XL:     6   Next: 24%
Magic:  5/5        EV:  7    Int:  5    God:
Gold:   130        SH:  3    Dex: 11    Spells: 5/5 levels left

rFire    . . .     SeeInvis .     - Unarmed
rCold    + . .     Faith    .   g - +0 buckler
rNeg     + + +     Spirit   .   n - +0 chain mail
rPois    ∞         Reflect  .   (no helmet)
rElec    .         Harm     .   (no cloak)
rCorr    .         Rampage  .   (no gloves)
Will     .....                  (no boots)
Stlth    ..........             (no amulet)
HPRegen  0.00/turn              (no ring)
MPRegen  0.09/turn              (no ring)

@: inhibited regen
A: claws 1, cold resistance 1, negative energy resistance 3, inhibited
regeneration, torment resistance 2
a: no special abilities


You were on level 5 of the Dungeon.
You visited 1 branch of the dungeon, and saw 5 of its levels.

You collected 130 gold pieces.

Inventory:

Hand Weapons
 f - a +1 trident of flaming
Armour
 g - a +0 buckler (worn)
 n - a +0 chain mail (worn)
Wands
 l - a wand of digging (4)
Scrolls
 a - a scroll of holy word {unknown}
 b - a scroll of magic mapping {unknown}
 d - a scroll of vulnerability
 e - a scroll of acquirement {unknown}
 h - a scroll of enchant weapon {unknown}
 i - a scroll of brand weapon
 j - 2 scrolls of immolation
 m - a scroll of teleportation
Potions
 c - a potion of lignification
 k - a potion of resistance {unknown}
 o - a potion of curing {unknown}
 p - a potion of degeneration {unknown}


   Skills:
 * Level 4.2 Fighting
 * Level 2.0 Armour
 + Level 3.1 Dodging
 * Level 3.8 Stealth
 + Level 0.3 Shields
 + Level 5.1 Unarmed Combat


You had 5 spell levels left.
You didn't know any spells.
Your spell library contained the following spells:

 Spells                   Type           Power      Damage    Failure   Level
 Sting                    Tmut/Pois      0%         1d3       100%        1
 Poisonous Vapours        Pois/Air       0%         N/A       100%        2
 Olgreb's Toxic Radiance  Pois           0%         N/A       100%        4


Dungeon Overview and Level Annotations

Branches:
Dungeon (5/15)
 Temple: D:4-7

Altars:

Shops:
D:4 =


Innate Abilities, Weirdness & Mutations

You thrive by killing the living.
You are immune to poison.
You have sharp fingernails.
Your flesh is cold resistant. (rC+)
You are immune to negative energy. (rN+++)
You do not regenerate when monsters are visible.
You are immune to unholy pain and torment.


Message History

The hound skeleton is heavily damaged.
The hound skeleton bites you but does no damage.
You claw the hound skeleton!
You destroy the hound skeleton!
Your Armour skill increases to level 2!
No target in view!
HP restored.
You now have 130 gold pieces (gained 14). 2 orcs, an orc warrior and an orc wizard come into view.
The orc warrior shouts!
The orc wizard shouts!
The orc shouts! x2
A phantom comes into view.
The orc wizard mumbles some strange words.
The orc wizard flickers and vanishes!
Deactivating autopickup; reactivate with Ctrl-A.
The orc warrior moves out of view.
The orc warrior hits you from afar with a +0 glaive!
The orc warrior hits you with a +0 glaive!
You barely miss the orc warrior. You barely miss the orc warrior.
The orc warrior hits you with a +0 glaive!
You scratch the orc warrior but do no damage.
The orc warrior hits you with a +0 glaive.
You barely miss the orc warrior. The orc warrior barely misses you.
You scratch the orc warrior.
The orc warrior is lightly wounded.
The orc warrior hits you with a +0 glaive.
You scratch the orc warrior.
The orc warrior is lightly wounded.
The orc warrior hits you but does no damage.
You scratch the orc warrior but do no damage.
The orc warrior is lightly wounded.
The orc warrior barely misses you.
You barely miss the orc warrior.
The orc warrior is lightly wounded.
The orc warrior hits you with a +0 glaive!
* * * LOW HITPOINT WARNING * * *
You closely miss the orc warrior.
The orc warrior is lightly wounded.
The orc warrior hits you with a +0 glaive!
You die...

# .. ... ############.###
.... #oo.Wo@.........
.....#####.##########.###
....................
....oW#..#.######.. .....
#..#.# #.# ....
#..#.######.### ...
#.............#
...#####.#.######<#.#
...........# ###.#


You could see an orc warrior, a phantom and 2 orcs.

Vanquished Creatures
  An ogre (D:4)
  A water moccasin skeleton (D:4)
  A hound (D:4)
  A hound skeleton (D:5)
  An adder (D:4)
  3 worms
  A dart slug (D:2)
  3 orcs
  7 ball pythons
  5 endoplasms
  2 giant cockroaches
  11 goblins
  9 hobgoblins
  2 jackals (D:1)
  6 quokkas
  2 bats (D:1)
  3 frilled lizards
  6 kobolds
  6 rats
71 creatures vanquished.

Notes
Turn   | Place    | Note
-------+----------+-------------------------------------------
     0 | D:1      | robertstho the Ghoul Monk began the quest for the Orb.
     0 | D:1      | Reached XP level 1. HP: 19/19 MP: 0/0
   171 | D:1      | Reached XP level 2. HP: 25/26 MP: 1/1
   700 | D:1      | Reached XP level 3. HP: 30/33 MP: 2/2
  1495 | D:2      | Found a faded altar of an unknown god.
  1840 | D:2      | Reached XP level 4. HP: 40/40 MP: 3/3
  1931 | D:3      | Reached skill level 4 in Unarmed Combat
  2404 | D:4      | Reached skill level 1 in Armour
  2404 | D:4      | Reached XP level 5. HP: 17/46 MP: 4/4
  2928 | D:4      | Noticed an ogre
  2941 | D:4      | Killed an ogre
  2950 | D:4      | Reached XP level 6. HP: 20/52 MP: 5/5
  3104 | D:4      | Reached skill level 5 in Unarmed Combat
  3192 | D:4      | Found Qejyofuh's Jewellery Shoppe.
  3479 | D:5      | Entered Level 5 of the Dungeon
  3541 | D:5      | Noticed an orc warrior
  3562 | D:5      | Slain by an orc warrior

Illustrated notes

Levels and vault maps discovered:
D:1:      dpeg_arrival_brainrot, layout_basic
D:2:      layout_loops_ring, hellmonk_ecumenical_altar_leap_of_faith
D:3:      layout_rooms
D:4:      layout_basic, serial_shops, shop, minmay_ogre_servants
D:5:      layout_basic, minmay_misc_feat_cross

Skill      XL: |  1  2  3  4  5  6 |
---------------+-------------------+-----
Dodging        | 3 |  3.1
Stealth        | 3 |  3.8
Unarmed Combat | 4 5 |  5.1
Fighting       | 4 |  4.2
Armour         | 1 2 |  2.0
Shields        | |  0.3

Action                   |  1- 3 |  4- 6 || total
-------------------------+-------+-------++-------
Melee: Unarmed           |   137 |   135 ||   272
       Punch             |     3 |       ||     3
  Use: Scroll            |       |     5 ||     5
       Potion            |       |     3 ||     3
 Stab: Sleeping          |     5 |       ||     5
Armor: Robe              |    20 |       ||    20
       Ring mail         |       |    22 ||    22
       Chain mail        |       |    43 ||    43
Dodge: Dodged            |    75 |    41 ||   116
Block: Buckler           |     2 |    14 ||    16
